 Dungeon Crawl Stone Soup version 0.25-a0-940-gc6eaff51cc (webtiles) character file.

Game seed: 3555125434068613376, levelgen mode: deterministic

59316 Error4North the Severer (level 14, 0/129 HPs)
             Began as a Hill Orc Fighter on May 2, 2020.
             Was the Champion of Okawaru.
             Slain by an entropy weaver (2 damage)
             ... on level 1 of the Spider Nest on May 5, 2020.
             The game lasted 01:18:16 (19264 turns).

Error4North the Severer (Hill Orc Fighter)         Turns: 19264, Time: 01:18:18

Health: 0/129      AC: 16    Str: 24    XL:     14   Next: 94%
Magic:  0/21       EV:  9    Int: 11    God:    Okawaru [******]
Gold:   1422       SH:  0    Dex: 12    Spells: 13/13 levels left

rFire    . . .     SeeInvis .   V - +8 war axe "Roag" {flame, +Rage rElec Int+3 Dex+2}
rCold    . . .     Gourm    .   y - +0 tower shield
rNeg     + . .     Faith    .   O - +1 plate armour
rPois    +         Spirit   +   B - +1 helmet
rElec    +         Reflect  .   T - scarf {cloud immunity}
rCorr    .         Harm     .   U - +0 pair of gloves
MR       ++...                  r - +0 pair of boots of the Vacuum {MR+}
Stlth    ..........             t - amulet of guardian spirit
HPRegen  0.31/turn              G - ring of positive energy
MPRegen  0.17/turn              Q - ring of poison resistance

@: confused, heroism, corroded
A: no striking features
a: Heroism, Finesse, Renounce Religion, Evoke Berserk Rage


You were on level 1 of the Spider Nest.
You worshipped Okawaru.
Okawaru was exalted by your worship.
You were hungry.

You visited 3 branches of the dungeon, and saw 17 of its levels.
You also visited: Ossuary and Volcano.

You collected 1497 gold pieces.
You spent 75 gold pieces at shops.

Inventory:

Hand Weapons
 V - the +8 war axe "Roag" (weapon) {flame, +Rage rElec Int+3 Dex+2}
   (Okawaru gifted it to you on level 5 of the Lair of Beasts)

   It has been specially enchanted to burn those struck by it, causing extra
   injury to most foes and up to half again as much damage against particularly
   susceptible opponents.
   Big, fiery blades are also staple armaments of hydra-hunters.
   It affects your intelligence (+3).
   It affects your dexterity (+2).
   It insulates you from electricity.
   It lets you go berserk.
Armour
 r - the +0 pair of boots of the Vacuum (worn) {MR+}
   (You found it on level 4 of the Dungeon)

   It affects your resistance to hostile enchantments.
 y - a +0 tower shield (worn)
 B - a +1 helmet (worn)
 O - a +1 plate armour (worn)
 T - a scarf of cloud immunity (worn)
 U - a +0 pair of gloves (worn)
Jewellery
 t - an amulet of guardian spirit (around neck)
 w - an uncursed ring of flight
 G - a ring of positive energy (left hand)
 H - an uncursed ring of protection from magic
 Q - a ring of poison resistance (right hand)
Wands
 g - a wand of disintegration (12)
 l - a wand of iceblast (15)
 u - a wand of digging (4)
 C - a wand of polymorph (12)
 E - a wand of enslavement (6)
 J - a wand of flame (13)
 N - a wand of acid (9)
Scrolls
 a - a scroll of brand weapon {unknown}
 c - a scroll of vulnerability {unknown}
 e - 3 scrolls of magic mapping
 j - 3 scrolls of enchant weapon
 n - a scroll of teleportation
 o - 2 scrolls of blinking
 q - 5 scrolls of remove curse
 s - a scroll of fear
 v - 9 scrolls of identify
 R - 4 scrolls of amnesia {unknown}
 S - 3 scrolls of fog {unknown}
 W - a scroll of torment {unknown}
Potions
 b - a potion of cancellation {unknown}
 d - 5 potions of might
 h - 7 potions of curing
 i - 3 potions of magic {unknown}
 m - 5 potions of stabbing
 p - 3 potions of lignification
 x - 4 potions of heal wounds {unknown}
 z - 3 potions of berserk rage {unknown}
 D - 2 potions of resistance {unknown}
 F - 2 potions of mutation {unknown}
 I - a potion of ambrosia {unknown}
 K - 3 potions of haste
 L - 5 potions of brilliance {unknown}
 M - 2 potions of flight {unknown}
 P - 2 potions of degeneration {unknown}
Comestibles
 f - 33 rations


   Skills:
 * Level 13.1(18.1) Fighting
 + Level 16.0(21.0) Axes
 + Level 2.6(7.6) Throwing
 * Level 11.6(16.6) Armour
 + Level 2.1(7.1) Dodging
 + Level 0.4(5.4) Stealth
 * Level 12.8(17.8) Shields
 + Level 0.5(5.5) Unarmed Combat
 + Level 10.1 Invocations
 * Level 9.0 Evocations


You had 13 spell levels left.
You didn't know any spells.
Your spell library contained the following spells:

 Spells                   Type           Power        Failure   Level  Hunger
 Corona                   Hex            #......      99%         1    ##.....
 Slow                     Hex            #.......     100%        2    ###....
 Inner Flame              Hex/Fire       #.......     100%        3    ####...
 Portal Projectile        Hex/Tloc       #.....       100%        3    ####...
 Static Discharge         Conj/Air       #.......     100%        3    ####...
 Cause Fear               Hex            #.........   100%        4    #####..
 Leda's Liquefaction      Hex/Erth       #.........   100%        4    #####..
 Lightning Bolt           Conj/Air       #.........   100%        5    ######.
 Ignition                 Fire           #.........   100%        8    #######
 Shatter                  Erth           #.........   100%        9    #######
 Tornado                  Air            #.........   100%        9    #######


Dungeon Overview and Level Annotations

Branches:
Dungeon (10/15)            Temple (0/1) D:5            Lair (6/6) D:10
 Shoals (0/4) Lair:3       Spider (1/4) Lair:4        Slime (0/5) Lair:5
Ossuary (visited)         Volcano (visited)
    Orc: D:9-12

Altars:
Cheibriados
Kikubaaqudgha
Okawaru
Ru
Vehumet
Jiyva

Shops:
D:7 ?}

Annotations:
D:4 3 runed translucent doors, Esekla's ghost, amateur DESk
D:9 2 transporters, ra1n577's ghost, novice HOFi


Message History

You miss the redback. You closely miss the redback.
You completely miss the demonic crawler.
The redback bites you!
* * * LOW HITPOINT WARNING * * *
The tarantella bites you but does no damage.
The jumping spider leaps!
The tarantella bites you but does no damage.
The jumping spider leaps!
The redback bites you.
* * * LOW HITPOINT WARNING * * *
The demonic crawler hits you but does no damage.
The demonic crawler closely misses you. The demonic crawler barely misses you.
The redback barely misses you. The tarantella barely misses you.
The jumping spider leaps!
The tarantella closely misses you.
The jumping spider leaps!
The entropy weaver hits you!
* * * LOW HITPOINT WARNING * * *
The entropy weaver hits you.
* * * LOW HITPOINT WARNING * * *
The entropy weaver hits you.
You die...

###......#.........#....#...
#.................#........
##......###................
##.......#...○.....#......[
#.>........................
#.....................#....
##.........>s.s..○..........
#.......^....sass...°.......
##...........@ss...#...#^...
#...............##.[.##...°
##.........#...s...........
####......#.....○.........
#.#...................
###^......#..........^
##...#.....#.........#
#....#...##..........#.
#.........#............


You could see an entropy weaver, a demonic crawler, an orb spider, 2 jumping
spiders, 2 tarantellas and 2 redbacks.

Vanquished Creatures
  Rupert (Lair:5)
  2 entropy weavers (Lair:6)
  Snorg (D:10)
  Harold (D:8)
  An ice dragon (Lair:6)
  6 hydras
  A two-headed ogre (D:9)
  A queen ant (Lair:6)
  3 death yaks (Lair:5)
  Sonja (Lair:1)
  3 lindwurms
  4 orb spiders (Spider:1)
  4 wolf spiders (Spider:1)
  A manticore (Lair:3)
  A toenail golem (Volcano)
  13 elephants
  A black mamba (Lair:6)
  5 torpor snails (Lair:6)
  Joseph (D:7)
  5 molten gargoyles (Volcano)
  7 spiny frogs
  Maggie (D:8)
  4 rime drakes
  3 demonic crawlers (Spider:1)
  3 efreet (Volcano)
  8 jumping spiders (Spider:1)
  8 komodo dragons
  A queen bee (Lair:3)
  Grinder (D:4)
  8 hippogriffs
  A blink frog (Lair:3)
  2 snapping turtles
  4 tyrant leeches (Lair:6)
  7 hornets
  3 tarantellas (Spider:1)
  A human (D:9)
  12 redbacks (Spider:1)
  16 yaks
  A wyvern (Lair:4)
  2 hogs (D:9)
  4 fire elementals (Volcano)
  4 basilisks (Lair:3)
  A steam dragon (Lair:3)
  2 hungry ghosts
  16 soldier ants (Lair:6)
  Duvessa (D:4)
  10 porcupines
  9 water moccasins
  5 orc warriors
  4 ice beasts
  2 sky beasts
  An eye of draining (D:9)
  2 ogres
  3 phantoms
  5 necrophages (Lair:4)
  2 wolves (Lair:3)
  2 centaurs
  14 crocodiles
  A big kobold (D:7)
  8 bullfrogs
  Dowan (D:4)
  31 killer bees
  13 scorpions
  9 wights
  2 electric eels
  2 howler monkeys (D:7)
  2 crimson imps
  A bullfrog zombie (D:10)
  A centaur zombie (Ossuary)
  2 hounds
  3 human zombies (Ossuary)
  8 orc priests
  2 centaur skeletons
  Crazy Yiuf (D:4)
  A bullfrog skeleton (D:9)
  2 jellies (D:9)
  Ijyb (D:3)
  3 iguanas
  6 orc wizards
  35 worker ants
  2 big kobold zombies (Ossuary)
  2 hound skeletons
  3 mummies (Ossuary)
  Robin (D:4)
  10 adders
  5 gnolls
  A howler monkey skeleton (D:8)
  9 scorpion zombies (Ossuary)
  A shadow imp (D:7)
  A worm (D:4)
  An adder skeleton (D:7)
  2 dart slugs (D:1)
  4 leopard geckos
  29 orcs
  12 bats
  4 giant cockroaches
  A gnoll zombie (Ossuary)
  16 goblins
  13 hobgoblins
  4 jackals
  4 quokkas
  2 ball pythons
  6 frilled lizards
  A jackal zombie (D:8)
  17 kobolds
  A kobold zombie (Ossuary)
  A leopard gecko skeleton (D:7)
  2 orc zombies (Ossuary)
  A quokka skeleton (D:7)
  8 rats
  2 fungi (Lair:4)
  9 plants
546 creatures vanquished.

Vanquished Creatures (others)
  A hog (D:9)
  6 fungi
  8 plants
15 creatures vanquished.

Grand Total: 561 creatures vanquished

Notes
Turn   | Place    | Note
-------+----------+-------------------------------------------
     0 | D:1      | Error4North the Hill Orc Fighter began the quest for the
                  | Orb.
     0 | D:1      | Reached XP level 1. HP: 19/19 MP: 1/1
   175 | D:1      | Reached XP level 2. HP: 27/27 MP: 2/2
   400 | D:1      | Upgraded the game from 0.25-a0-890-g62861fb195 to
                  | 0.25-a0-930-g9f5dfa9815
   514 | D:1      | Reached XP level 3. HP: 33/33 MP: 3/3
   799 | D:2      | Upgraded the game from 0.25-a0-930-g9f5dfa9815 to
                  | 0.25-a0-937-gcfae464cf3
   850 | D:2      | Reached skill level 3 in Axes
  1313 | D:2      | Reached XP level 4. HP: 30/40 MP: 4/4
  1568 | D:2      | Found an iron altar of Okawaru.
  1617 | D:2      | Became a worshipper of Warmaster Okawaru
  2256 | D:3      | Noticed Ijyb
  2295 | D:3      | Killed Ijyb
  2295 | D:3      | Reached XP level 5. HP: 21/47 MP: 5/5
  2741 | D:3      | Reached skill level 4 in Axes
  3170 | D:4      | Got a pair of distressingly furry boots
  3186 | D:4      | Noticed a phantom
  3218 | D:4      | Killed a phantom
  3218 | D:4      | Reached skill level 5 in Armour
  3218 | D:4      | Reached XP level 6. HP: 20/53 MP: 6/6
  3236 | D:4      | Identified the +0 pair of boots of the Vacuum {MR+} (You
                  | found it on level 4 of the Dungeon)
  3430 | D:4      | Reached * piety under Okawaru
  3576 | D:4      | Noticed Robin
  3585 | D:4      | Killed Robin
  3601 | D:4      | Reached skill level 5 in Axes
  3623 | D:4      | Reached XP level 7. HP: 50/60 MP: 5/7
  3951 | D:4      | Found a runed translucent gate.
  3953 | D:4      | Found a runed translucent gate.
  3953 | D:4      | Noticed Duvessa
  3954 | D:4      | Found a runed translucent gate.
  3954 | D:4      | Noticed Esekla's ghost (amateur DESk)
  3955 | D:4      | Noticed Dowan
  3969 | D:4      | Killed Duvessa
  3969 | D:4      | Reached skill level 5 in Fighting
  3969 | D:4      | Reached skill level 1 in Dodging
  3975 | D:4      | Killed Dowan
  3975 | D:4      | Reached ** piety under Okawaru
  3975 | D:4      | Reached skill level 5 in Shields
  4073 | D:4      | Noticed Grinder
  4085 | D:4      | Killed Grinder
  4085 | D:4      | Reached skill level 6 in Axes
  4085 | D:4      | Reached XP level 8. HP: 65/69 MP: 8/8
  4398 | D:4      | Found a runed translucent door.
  4399 | D:4      | Noticed Crazy Yiuf
  4406 | D:4      | Killed Crazy Yiuf
  4532 | D:5      | Entered Level 5 of the Dungeon
  4711 | D:5      | Reached skill level 7 in Axes
  4873 | D:5      | Found a staircase to the Ecumenical Temple.
  4892 | D:5      | Found a sand-covered staircase.
  4900 | Ossuary  | Entered an ossuary
  5003 | Ossuary  | Reached skill level 8 in Axes
  5028 | Ossuary  | Reached *** piety under Okawaru
  5257 | Ossuary  | Reached XP level 9. HP: 69/78 MP: 7/9
  5653 | D:6      | Found a radiant altar of Vehumet.
  5933 | D:6      | Reached skill level 9 in Axes
  6086 | D:6      | Found a snail-covered altar of Cheibriados.
  6097 | D:6      | Reached skill level 1 in Invocations
  6383 | D:7      | Found a sacrificial altar of Ru.
  6442 | D:7      | Reached **** piety under Okawaru
  6643 | D:7      | Reached skill level 1 in Evocations
  6652 | D:7      | Noticed Joseph
  6674 | D:7      | Killed Joseph
  6688 | D:7      | Reached skill level 10 in Axes
  6688 | D:7      | Reached XP level 10. HP: 61/86 MP: 8/12
  6706 | D:7      | Received a gift from Okawaru
  7007 | D:7      | Found Sacsem Noer's Gadget Shoppe.
  7186 | D:7      | Found Rytimod's Magic Scroll Shoppe.
  7208 | D:7      | Bought a scroll of identify for 30 gold pieces
  7208 | D:7      | Bought a scroll of random uselessness for 15 gold pieces
  7208 | D:7      | Bought a scroll of identify for 30 gold pieces
  7608 | D:8      | Noticed a five-headed hydra
  7617 | D:8      | Killed a one-headed hydra
  7629 | D:8      | Reached skill level 5 in Invocations
  7735 | D:8      | Paralysed by a hornet for 2 turns
  7856 | D:8      | Noticed Maggie
  7866 | D:8      | Killed Maggie
  7866 | D:8      | Reached ***** piety under Okawaru
  8104 | D:8      | Noticed Harold
  8125 | D:8      | Killed Harold
  8125 | D:8      | Reached skill level 11 in Axes
  8125 | D:8      | Reached skill level 1 in Throwing
  8453 | D:9      | Reached XP level 11. HP: 95/95 MP: 15/15
  8484 | D:9      | Found a transporter.
  8498 | D:9      | Noticed a moth of wrath
  8502 | D:9      | Noticed ra1n577's ghost (novice HOFi)
  8600 | D:9      | Found a transporter.
  8710 | D:9      | Noticed a two-headed ogre
  8718 | D:9      | Killed a two-headed ogre
  8718 | D:9      | Received a gift from Okawaru
  8864 | D:9      | Received a gift from Okawaru
  8936 | D:9      | Found an ancient bone altar of Kikubaaqudgha.
  9361 | D:10     | Entered Level 10 of the Dungeon
  9462 | D:10     | Noticed Snorg
  9484 | D:10     | Killed Snorg
  9590 | D:10     | Found a staircase to the Lair.
  9780 | D:10     | Reached skill level 12 in Axes
  9930 | D:10     | Found a sacrificial altar of Ru.
 10049 | Lair:1   | Entered Level 1 of the Lair of Beasts
 10178 | Lair:1   | Reached skill level 5 in Evocations
 10738 | Lair:1   | Noticed Sonja
 10758 | Lair:1   | Killed Sonja
 11028 | Lair:2   | Received a gift from Okawaru
 11357 | Lair:2   | Reached XP level 12. HP: 87/106 MP: 13/17
 12440 | Lair:3   | Noticed a five-headed hydra
 12449 | Lair:3   | Found a staircase to the Shoals.
 12456 | Lair:3   | Killed a one-headed hydra
 12456 | Lair:3   | Reached skill level 10 in Fighting
 12456 | Lair:3   | Reached skill level 13 in Axes
 12456 | Lair:3   | Reached skill level 10 in Shields
 12536 | Lair:3   | Found a dark tunnel.
 12542 | Volcano  | Entered a volcano
 13172 | Volcano  | Received a gift from Okawaru
 13512 | Volcano  | Reached skill level 10 in Armour
 14119 | Lair:3   | Reached XP level 13. HP: 108/115 MP: 19/19
 14378 | Lair:4   | Found a hole to the Spider Nest.
 14580 | Lair:4   | Reached skill level 14 in Axes
 14582 | Lair:4   | Upgraded the game from 0.25-a0-937-gcfae464cf3 to
                  | 0.25-a0-940-gc6eaff51cc
 15255 | Lair:5   | Noticed Rupert
 15273 | Lair:5   | Killed Rupert
 15466 | Lair:5   | Reached ****** piety under Okawaru
 15542 | Lair:5   | Found a staircase to the Slime Pits.
 15543 | Lair:5   | Found a viscous altar of Jiyva.
 15948 | Lair:5   | Received a gift from Okawaru
 15960 | Lair:5   | Got an iridescent war axe {god gift}
 15961 | Lair:5   | Identified the +8 war axe "Roag" {flame, +Rage rElec Int+3
                  | Dex+2} (Okawaru gifted it to you on level 5 of the Lair of
                  | Beasts)
 16289 | Lair:6   | Entered Level 6 of the Lair of Beasts
 16319 | Lair:6   | Noticed an entropy weaver
 16325 | Lair:6   | Noticed an entropy weaver
 16330 | Lair:6   | Killed an entropy weaver
 16330 | Lair:6   | Reached skill level 15 in Axes
 16352 | Lair:6   | Killed an entropy weaver
 16352 | Lair:6   | Reached XP level 14. HP: 108/124 MP: 15/21
 17112 | Lair:6   | Received a gift from Okawaru
 17151 | Lair:6   | Reached skill level 10 in Invocations
 17748 | Lair:6   | Found a runed translucent door.
 17932 | Lair:6   | Paralysed by a hornet for 2 turns
 17935 | Lair:6   | Received a gift from Okawaru
 17938 | Lair:6   | Got an iridescent broad axe {god gift}
 17939 | Lair:6   | Identified the +2 broad axe of Ytuss {antimagic, rF+}
                  | (Okawaru gifted it to you on level 6 of the Lair of Beasts)
 18485 | Spider:1 | Entered Level 1 of the Spider Nest
 19206 | Spider:1 | Reached skill level 16 in Axes
 19243 | Spider:1 | Noticed an entropy weaver
 19264 | Spider:1 | HP: 6/129 [entropy weaver (7)]
 19264 | Spider:1 | HP: 2/129 [entropy weaver (4)]
 19264 | Spider:1 | Slain by an entropy weaver

Levels and vault maps discovered:
D:1:      mainiacjoe_arrival_reflecting_pool, layout_basic
D:2:      layout_basic, okawaru_altar_gauntlet_db, minmay_crystal_room,
          kennysheep_nondescript, minmay_tiny_reverse_x
D:3:      layout_rooms, first_ration, uniq_ijyb
D:4:      layout_loops_corners, ebering_ghost_rock_garden,
          uniq_crazy_yiuf_cottage, uniq_grinder, uniq_duvessa, uniq_robin
D:5:      layout_basic, minmay_temple_entry_tees,
          nicolae_ossuary_entry_false_entrances
D:6:      layout_basic, kennysheep_mini_moat, vehumet_altar_wand_db
D:7:      layout_rooms, serial_shops, nicolae_shop_window_shopping,
          kennysheep_little_box, basic_altar, lightli_minifort, uniq_joseph
D:8:      layout_basic, kennysheep_small_circle, uniq_harold, uniq_maggie
D:9:      layout_roguey, nicolae_overflow_crystal_walls,
          gammafunk_ghost_berserking_beasts, grunt_livestock
D:10:     layout_cave_pools, lair_entry_dummy, basic_altar, uniq_snorg
Lair:1:   layout_regular_city, grunt_megastairs_5, serial_bayou_shore_b,
          uniq_sonja
Lair:2:   layout_layer_cave, serial_bayou_shore_a
Lair:3:   regret_index_tunnel_blossom, layout_gridlike, minmay_shoals_entry_hut,
          enter_volcano_4, st_stairs_12
Lair:4:   layout_loops_ring, spider_nest_entry_web_field, minivault_26,
          roderic_carrion_pond
Lair:5:   layout_cave_pods, slime_altar_1, uniq_rupert
Lair:6:   wormcave, layout_gridlike, serial_bayou, serial_bayou_shore_b,
          serial_bayou_pond_a, serial_bayou_crossing, serial_bayou_pond_d,
          st_stairs_8, zaba_anthell
Spider:1: layout_spider_delve

Skill      XL: |  1  2  3  4  5  6  7  8  9 10 11 12 13 14 |
---------------+-------------------------------------------+-----
Fighting       | 4 5 6 7 8 9 10 11 13 | 13.1
Axes           | 3 4 5 6 8 10 11 12 13 15 16 | 16.0
Shields        | 4 5 6 7 8 9 10 11 12 | 12.8
Armour         | 4 5 6 7 8 9 10 11 | 11.6
Dodging        | 1 2 |  2.1
Invocations    | 3 5 7 8 9 10 | 10.1
Evocations     | 1 4 5 6 8 9 |  9.0
Throwing       | 1 2 |  2.6
Stealth        | |  0.4
Unarmed Combat | |  0.5

Action                   |  1- 3 |  4- 6 |  7- 9 | 10-12 | 13-15 || total
-------------------------+-------+-------+-------+-------+-------++-------
Melee: War axe           |   166 |   178 |   372 |   394 |   368 ||  1478
       Unarmed           |       |       |    10 |       |       ||    10
       Hand axe          |       |       |       |    23 |    10 ||    33
       Broad axe         |       |       |       |   248 |   137 ||   385
Throw: Boomerang         |       |       |     7 |    56 |    17 ||    80
Invok: Heroism           |       |       |     3 |    21 |    17 ||    41
       Finesse           |       |       |       |     1 |     4 ||     5
 Abil: Stop Flying       |       |       |       |     2 |       ||     2
       Evoke Flight      |       |       |       |     2 |       ||     2
       Evoke Berserk Rag |       |       |       |       |     1 ||     1
Evoke: Wand              |       |       |     5 |     5 |     5 ||    15
       Phantom mirror    |       |       |       |     1 |       ||     1
  Use: Potion            |       |     2 |     4 |     1 |     3 ||    10
       Scroll            |       |     2 |     2 |    14 |     6 ||    24
  Eat: Chunk             |     2 |     7 |     4 |    19 |    17 ||    49
       Ration            |       |       |     2 |     2 |       ||     4
Armor: Scale mail        |    80 |    78 |    99 |       |       ||   257
       Plate armour      |       |       |    41 |   252 |   268 ||   561
       Skin              |       |       |     2 |    23 |       ||    25
Dodge: Dodged            |    53 |    52 |    84 |   139 |   157 ||   485
Block: Kite shield       |    78 |    67 |   169 |   351 |   224 ||   889
       Tower shield      |       |       |       |       |   133 ||   133

Table legend:
 A = Non-vault XP
 B = Vault XP
 C = Vault XP percentage of total XP
 D = Non-vault monster count
 E = Vault monster count
 F = Vault count percentage of total count
                 A         B        C        D         E       F
            +---------+---------+-------+---------+---------+-------
      Total |   47965 |   36773 |  43.4 |     333 |     202 |  37.8
            +---------+---------+-------+---------+---------+-------
        D:1 |      42 |       0 |   0.0 |      25 |       0 |   0.0
        D:2 |      67 |      37 |  35.6 |      33 |       7 |  17.5
        D:3 |      52 |      39 |  42.9 |       9 |       1 |  10.0
        D:4 |     451 |     598 |  57.0 |      18 |      15 |  45.5
        D:5 |     272 |       0 |   0.0 |      14 |       0 |   0.0
        D:6 |     434 |       2 |   0.5 |       9 |       1 |  10.0
        D:7 |    2125 |     609 |  22.3 |      47 |       4 |   7.8
        D:8 |    1049 |    2478 |  70.3 |      16 |       4 |  20.0
        D:9 |    2120 |     749 |  26.1 |      22 |       4 |  15.4
       D:10 |     951 |    1000 |  51.3 |      13 |       1 |   7.1
     Lair:1 |    1623 |     940 |  36.7 |      10 |       2 |  16.7
     Lair:2 |    2228 |       0 |   0.0 |      12 |       0 |   0.0
     Lair:3 |    2072 |    6149 |  74.8 |       9 |      46 |  83.6
     Lair:4 |    4047 |     601 |  12.9 |      12 |       5 |  29.4
     Lair:5 |    9810 |    3008 |  23.5 |      25 |       1 |   3.8
     Lair:6 |    8862 |   13784 |  60.9 |      24 |      65 |  73.0
   Spider:1 |   11760 |       0 |   0.0 |      35 |       0 |   0.0
    Ossuary |       0 |     945 | 100.0 |       0 |      31 | 100.0
    Volcano |       0 |    5834 | 100.0 |       0 |      15 | 100.0
            +---------+---------+-------+---------+---------+-------
